[Event "ICC tourney 2171 (3 2)"]
[Site "Internet Chess Club"]
[Date "2020.12.05"]
[Round "11"]
[White "Aleksandrov73"]
[Black "Goran21"]
[Result "1/2-1/2"]
[ICCResult "Game drawn by the 50 move rule"]
[WhiteElo "2228"]
[BlackElo "1840"]
[Opening "King's Indian: Makagonov system (5.h3)"]
[ECO "E71"]
[NIC "KI.30"]
[Time "00:40:56"]
[TimeControl "180+2"]

1. d4 Nf6 2. c4 g6 3. Nc3 Bg7 4. e4 d6 5. h3 O-O 6. Be3 Nbd7 7. Nf3 e5 8. d5
Nh5 9. Nd2 Qe8 10. Nb5 Qd8 11. g3 a6 12. Nc3 Qe8 13. Be2 Nhf6 14. g4 Kh8 15.
h4 Ng8 16. h5 h6 17. g5 f5 18. gxf6 Ndxf6 19. hxg6 Qxg6 20. Qc2 Ng4 21.
O-O-O Nxe3 22. fxe3 Nf6 23. Rdg1 Qh7 24. Rh2 Bd7 25. Qd1 b5 26. a3 Rg8 27.
Rhg2 bxc4 28. Bxc4 h5 29. Qe2 Bg4 30. Qd3 Nd7 31. Nb3 Bh6 32. Kb1 Nb6 33.
Bxa6 Rgb8 34. Ka2 Nd7 35. Bb5 Nf6 36. Nd2 Ra5 37. Bc6 Nd7 38. Bxd7 Qxd7 39.
Rxg4 hxg4 40. Qe2 c6 41. Rxg4 Qb7 42. Nc4 Qb3+ 43. Ka1 Rc5 44. Rh4 Rxc4 45.
Rxh6+ Kg7 46. Qh2 Qxb2+ 47. Qxb2 Rxb2 48. Rxd6 Rb3 49. Na2 cxd5 50. exd5
Rxe3 51. Kb2 Rd4 52. Nc3 Rd2+ 53. Kb3 Rdd3 54. Rc6 Kf7 55. Kb4 Rd4+ 56. Kb5
Ke7 57. a4 Kd7 58. a5 Rd2 59. Na4 Rxd5+ 60. Nc5+ Ke7 61. a6 Ra3 62. Kc4 Rd4+
63. Kb5 Ra1 64. Re6+ Kd8 65. Rxe5 Rh4 66. Kc6 Rh6+ 67. Kb5 Kc7 68. Re7+ Kc8
69. a7 Rb1+ 70. Kc4 Rh4+ 71. Kd3 Ra1 72. Re8+ Kc7 73. a8=Q Rxa8 74. Rxa8 Kc6
75. Ne4 Kb7 76. Ra4 Kc6 77. Rc4+ Kb6 78. Kd4 Rh1 79. Rc2 Rh8 80. Kd5 Rh5+
81. Ke6 Rh6+ 82. Nf6 Rh2 83. Kd6 Rxc2 84. Nd5+ Kb7 85. Nb4 Rc4 86. Nd5 Rc1
87. Nb4 Kb6 88. Nd5+ Kb5 89. Ne3 Rc6+ 90. Kd5 Rh6 91. Kd4 Kc6 92. Ke5 Rh5+
93. Ke4 Kc5 94. Nf5 Rg5 95. Kf4 Rg1 96. Ke4 Re1+ 97. Ne3 Kd6 98. Kd4 Ke6 99.
Ke4 Ra1 100. Kd4 Ra4+ 101. Nc4 Ra8 102. Ke4 Rd8 103. Ne3 Re8 104. Nc4 Rh8
105. Kd4 Rh4+ 106. Kc5 Kd7 107. Ne5+ Ke6 108. Nc4 Rh1 109. Kd4 Rd1+ 110. Ke4
Rc1 111. Kd4 Rd1+ 112. Ke4 Rh1 113. Kd4 Rh4+ 114. Kc5 Rh5+ 115. Kd4 Rd5+
116. Ke4 Rb5 117. Kd4 Kd7 118. Ne5+ Kd6 119. Nc4+ Kc6 120. Ne5+ Kc7 121. Nc4
Rh5 122. Ne5 Kd6 123. Nc4+ Ke6 124. Nd2 Rd5+ 125. Ke3 Ke5 126. Nf3+ Kf5 127.
Nd4+ Kg4 128. Ke4 Rd8 129. Nc6 Re8+ 130. Kd5 Kf5 131. Nd4+ Kf6 132. Kc4 Ke5
133. Nb3 Rc8+ 134. Kd3 Kd5 135. Nd2 Rh8 136. Ke3 Rh3+ 137. Nf3 Rh7 138. Kf4
Rf7+ 139. Ke3 Rf8 140. Nd2 Re8+ 141. Kf4 Kd4 142. Nf3+ Kd3 143. Ne5+ Ke2
144. Ke4 Re6 145. Kd5 Ra6 146. Nc6 Ke3 147. Ne5 Ra5+ 148. Kd6 Ke4 149. Nc6
Rd5+ 150. Ke6 Rh5 151. Kd6 Rh6+ 152. Kc5 Rg6 153. Nb4 Rg5+ 154. Kc4 Rg1 155.
Kc5 Rc1+ 156. Kd6 Kd4 157. Nc6+ Kc4 158. Ne5+ Kb5 159. Kd5 Rd1+ 160. Ke4 Kc5
161. Nd3+ Kd6 162. Kd4 Rh1 163. Nf4 Rh4 164. Ke4 Rg4 165. Kf5 Rg8 166. Ke4
Re8+ 167. Kd4 Rf8 168. Ke4 Ra8 169. Kf5 Ra5+ 170. Ke4 Re5+ 171. Kd4 Rb5 172.
Ke4 Rb4+ 173. Kf5 Rd4 174. Ng6 Rb4 175. Nf4 Ra4 176. Ng6 Ra7 177. Nf4 Rf7+
178. Ke4 Re7+ 179. Kd4 Re5 180. Nd3 Rd5+ 181. Ke4 Rh5 182. Nf4 Re5+ 183. Kd4
Rf5 {Game drawn by the 50 move rule} 1/2-1/2